 Dungeon Crawl Stone Soup version 0.24-a0-652-g46ecf6da75 (webtiles) character file.

Game seed: 15588076880183367370, levelgen mode: deterministic

0 Archison the Sneak (level 1, -3/9 HPs)
             Began as a Spriggan Conjurer on Sept 26, 2019.
             Slain by a goblin
             ... wielding a cursed +0 dagger
              (4 damage)
             ... on level 1 of the Dungeon.
             The game lasted 00:00:21 (62 turns).

Archison the Sneak (Spriggan Conjurer)                Turns: 62, Time: 00:00:21

Health: -3/9       AC:  2    Str:  4    XL:     1   Next: 8%
Magic:  5/5        EV: 18    Int: 16    God:
Gold:   0          SH:  0    Dex: 16    Spells: 4/5 levels left

rFire    . . .     SeeInvis +   (weapon restricted)
rCold    . . .     Gourm    .   (shield restricted)
rNeg     . . .     Faith    .   a - +0 robe
rPois    .         Spirit   .   (helmet restricted)
rElec    .         Reflect  .   (no cloak)
rCorr    .         Harm     .   (gloves unavailable)
MR       .....                  (boots unavailable)
Stlth    ++........             (no amulet)
HPRegen  0.03/turn              (no ring)
MPRegen  0.09/turn              (no ring)

@: very quick
A: very small, unfitting armour, see invisible, herbivore, speed 3, slow
metabolism 2
a: no special abilities


You were on level 1 of the Dungeon.
You were not hungry.

You visited 1 branch of the dungeon, and saw 1 of its levels.

Inventory:

Armour
 a - a +0 robe (worn)
Scrolls
 b - a scroll of fear {unknown}
 d - a scroll of amnesia {unknown}
Comestibles
 c - a ration


   Skills:
 + Level 3.0 Dodging
 + Level 3.0 Stealth
 + Level 2.6 Spellcasting
 + Level 3.0 Conjurations


You had 4 spell levels left.
You knew the following spells:

 Your Spells              Type           Power        Failure   Level  Hunger
a - Magic Dart            Conj           ##..         5%          1    #......

Your spell library contained the following spells:

 Spells                   Type           Power        Failure   Level  Hunger
 Searing Ray              Conj           ##....       9%          2    ##.....
 Dazzling Spray           Conj/Hex       #.....       30%         3    ###....
 Iskenderun's Mystic Bla  Conj           ##......     50%         4    #####..
 Force Lance              Conj/Tloc      #.......     71%         4    #####..
 Fulminant Prism          Conj/Hex       #.........   71%         4    #####..


Dungeon Overview and Level Annotations

Branches:
Dungeon (1/15)

Altars:


Innate Abilities, Weirdness & Mutations

You are very small and have problems with some larger weapons.
You are too small for most types of armour.
You have supernaturally acute eyesight. (SInv)
You are a herbivore.
You cover ground extremely quickly.
You need to consume almost no food.


Message History

You hit the rat.
The rat is moderately wounded.
The rat bites you.
You hit the rat.
You kill the rat!
Your Conjurations skill increases to level 3!
The frilled lizard misses you. The frilled lizard bites you.
Found a tiny garnet amulet.
You see here a rat corpse.
You miss the frilled lizard. The frilled lizard bites you.
* * * LOW HITPOINT WARNING * * *
The goblin barely misses you. The frilled lizard closely misses you.
You hit the goblin.
The goblin is severely wounded.
The goblin closely misses you. The frilled lizard bites you.
* * * LOW HITPOINT WARNING * * *
The goblin hits you with a cursed +0 dagger.
You die...

........#.# .......##.#
#######
........#.#######.......
.♣♣♣##..#.##...........#
⌠♣ #..#.##...........#
.♣♣♣♣♣..#.##.....?...".#
<.⌠.....#.##...........#
.♣♣♣♣♣.[#.##..lg.......#
⌠♣ #..#.##..r.@......#
.♣ #............... ..
###.#####+####.. ## #...
#..... #....r.. #.......
#....... #.......


You could see a goblin, a frilled lizard and a rat.

Vanquished Creatures
  A rat (D:1)
1 creature vanquished.

Notes
Turn   | Place    | Note
-------+----------+-------------------------------------------
     0 | D:1      | Archison the Spriggan Conjurer began the quest for the Orb.
     0 | D:1      | Reached XP level 1. HP: 9/9 MP: 5/5
    62 | D:1      | Slain by a goblin

Levels and vault maps discovered:
D:1:      scummos_arrival_forest, layout_basic

Skill      XL: |  1 |
---------------+----+-----
Conjurations   | 3 |  3.0
Dodging        | |  3.0
Stealth        | |  3.0
Spellcasting   | |  2.6

Action                   || total
-------------------------++-------
Melee: Unarmed           ||     4
Dodge: Dodged            ||     4

Table legend:
 A = Non-vault XP
 B = Vault XP
 C = Vault XP percentage of total XP
 D = Non-vault monster count
 E = Vault monster count
 F = Vault count percentage of total count
                 A         B        C        D         E       F
            +---------+---------+-------+---------+---------+-------
      Total |       1 |       0 |   0.0 |       1 |       0 |   0.0
            +---------+---------+-------+---------+---------+-------
        D:1 |       1 |       0 |   0.0 |       1 |       0 |   0.0
            +---------+---------+-------+---------+---------+-------
